 Dungeon Crawl Stone Soup version 0.21.0-3-g78d12a8 (webtiles) character file.

1502 Exaltedone87 the Skirmisher (level 8, -2/78 HPs)
             Began as a Deep Dwarf Fighter on Jan 8, 2018.
             Slain by a hippogriff (3 damage)
             ... on level 5 of the Dungeon.
             The game lasted 00:10:48 (3286 turns).

Exaltedone87 the Skirmisher (Deep Dwarf Fighter)    Turns: 3286, Time: 00:10:49

Health: -2/78      AC: 12    Str: 23    XL:     8   Next: 52%
Magic:  7/7        EV:  8    Int:  8    God:
Gold:   31         SH: 10    Dex: 12    Spells: 7/7 levels left

rFire    . . .     SeeInvis .   a - +2 war axe
rCold    . . .     Gourm    .   c - +0 shield
rNeg     . . .     Faith    .   u - +0 chain mail
rPois    .         Spirit   .   (no helmet)
rElec    .         Reflect  .   (no cloak)
rCorr    .         Harm     .   j - +0 pair of gloves
MR       +....                  q - +0 pair of boots
Stlth    ..........             (no amulet)
HPRegen  0.00/turn              (no ring)
MPRegen  0.10/turn              (no ring)

@: non-regenerating
A: damage resistance, heal wounds, sense surroundings 1, no regeneration
a: Heal Wounds


You were on level 5 of the Dungeon.
You were not hungry.

You visited 1 branch of the dungeon, and saw 5 of its levels.
You also visited: Ossuary.

You collected 181 gold pieces.
You spent 150 gold pieces at shops.

Inventory:

Hand Weapons
 a - a +2 war axe (weapon)
 y - a +0 flail of venom
Armour
 c - a +0 shield (worn)
 j - a +0 pair of gloves (worn)
 q - a +0 pair of boots (worn)
 s - a +0 plate armour
 u - a +0 chain mail (worn)
Jewellery
 r - an uncursed ring of magical power {unknown}
 t - an uncursed ring of protection from fire {unknown}
Wands
 n - a wand of clouds (3)
Scrolls
 l - 6 scrolls of teleportation
 p - a scroll of fog
 z - a scroll of magic mapping
 C - a scroll of blinking
Potions
 b - 4 potions of degeneration {unknown}
 d - a potion of might
 e - 2 potions of agility
 g - a potion of curing {unknown}
 h - 4 potions of heal wounds {unknown}
 i - a potion of brilliance {unknown}
 k - 3 potions of lignification {unknown}
 o - 2 potions of ambrosia {unknown}
 w - 2 potions of mutation {unknown}
 x - a potion of resistance
Comestibles
 f - 6 rations
 m - 3 chunks of flesh


   Skills:
 * Level 6.3 Fighting
 + Level 5.1 Axes
 + Level 5.7 Armour
 + Level 4.3 Dodging
 + Level 5.8 Shields


You had 7 spell levels left.
You didn't know any spells.

Dungeon Overview and Level Annotations

Branches:
Dungeon (5/15)
 Temple: D:4-7

Altars:
Ashenzari
Cheibriados
Fedhas
Gozag
Hepliaklqana
Kikubaaqudgha
Trog
Wu Jian
Xom
The Shining One

Shops:
D:4 (?*![*


Innate Abilities, Weirdness & Mutations

You are resistant to damage.
You can heal yourself by infusing magical energy.
You passively map a small area around you.
You do not regenerate.


Message History

The hippogriff moves out of view.
You block the scorpion's attack. The hippogriff bites you!
* * * LOW HITPOINT WARNING * * *
The hippogriff pecks you.
* * * LOW HITPOINT WARNING * * *
The hippogriff completely misses you.
You see here a book of Cantrips.
You hit the scorpion but do no damage. You hit the hippogriff.
The scorpion stings you but does no damage.
You block the hippogriff's attack. The hippogriff pecks you.
You block the hippogriff's attack.
Your chain mail prevents you from hitting the scorpion.
You barely miss the hippogriff. You block the scorpion's attack.
You block the hippogriff's attack. The hippogriff closely misses you.
The hippogriff claws you but does no damage.
The scorpion stings you.
You fail to use your ability.
The hippogriff completely misses you.
The hippogriff pecks you but does no damage.
The hippogriff claws you.
You die...

, #.##..##..... ######
#.###.##.....
*##....###.###.##.....
, ,
##$.....##...)..'.....
#........#...##.#.....
*
#...#....'...##=.###..
*
#....#...'...###.#*#..
*#...H....#...###..##..
* *
#..s@..##....###.##..
##....##.....# ..#.. ,
, ######......####.#..
* #.............. ,
#.....####.#... ,*
#........#..... *
..#######.#.##.#.#. ,,
........#.#..#..... * *
.###.....[##.#.#...


You could see a hippogriff and a scorpion.

Vanquished Creatures
  Sigmund (D:2)
  Menkaure (D:4)
  The ghost of iamoutofideas the Shield-Bearer, an amateur FoFi (D:3)
  An ogre (D:5)
  Blork the orc (D:4)
  3 water moccasin zombies (Ossuary)
  A howler monkey (D:4)
  A crimson imp (D:5)
  An orc priest (D:3)
  A bullfrog skeleton (D:4)
  2 orc wizards (D:5)
  Jessica (D:2)
  Natasha (twice) (D:4)
  2 worker ants
  6 big kobold zombies (Ossuary)
  A hound skeleton (D:4)
  2 mummies (Ossuary)
  6 gnolls
  12 adders
  3 shadow imps (D:5)
  An ooze (D:5)
  9 adder zombies (Ossuary)
  An adder skeleton (D:4)
  5 worms
  4 dart slugs (D:1)
  4 leopard geckos
  5 orcs
  2 giant cockroaches (D:3)
  4 gnoll zombies (Ossuary)
  11 hobgoblins
  10 jackals
  9 kobolds
  A quokka (D:4)
  A ball python (D:4)
  9 bats
  A frilled lizard (D:1)
  9 goblins
  2 hobgoblin zombies (Ossuary)
  A jackal skeleton (D:4)
  2 kobold zombies (Ossuary)
  3 orc zombies (Ossuary)
  A quokka skeleton (D:5)
  5 rats
149 creatures vanquished.

Notes
Turn   | Place    | Note
-------+----------+-------------------------------------------
     0 | D:1      | Exaltedone87 the Deep Dwarf Fighter began the quest for the Orb.
     0 | D:1      | Reached XP level 1. HP: 20/20 MP: 1/1
    83 | D:1      | Reached XP level 2. HP: 27/27 MP: 2/2
    84 | D:1      | Reached skill level 3 in Fighting
   262 | D:1      | Reached XP level 3. HP: 27/34 MP: 3/3
   473 | D:2      | Reached skill level 1 in Dodging
   526 | D:2      | Noticed Jessica
   534 | D:2      | Killed Jessica
   534 | D:2      | Reached XP level 4. HP: 18/42 MP: 4/4
   744 | D:2      | Reached XP level 5. HP: 27/50 MP: 5/5
   825 | D:2      | Found a hazy altar of Hepliaklqana.
   827 | D:2      | Noticed Sigmund
   842 | D:2      | Killed Sigmund
   842 | D:2      | Reached skill level 4 in Fighting
   842 | D:2      | Reached XP level 6. HP: 29/58 MP: 6/6
  1045 | D:3      | Found a shattered altar of Ashenzari.
  1048 | D:3      | Found a snail-covered altar of Cheibriados.
  1052 | D:3      | Found an ancient bone altar of Kikubaaqudgha.
  1113 | D:3      | Found a bloodstained altar of Trog.
  1233 | D:3      | Noticed iamoutofideas's ghost (amateur FoFi)
  1257 | D:3      | Killed iamoutofideas's ghost
  1603 | D:3      | HP: 1/58 [orc priest/nerve-wracking pain (12)]
  1800 | D:4      | Noticed Menkaure
  1819 | D:4      | Killed Menkaure
  1819 | D:4      | Reached skill level 5 in Fighting
  1819 | D:4      | Reached XP level 7. HP: 6/67 MP: 6/6
  1917 | D:4      | Found an ornate altar of the Wu Jian Council.
  1917 | D:4      | Found an opulent altar of Gozag.
  1929 | D:4      | Found a sand-covered staircase.
  1942 | Ossuary  | Entered an ossuary
  2007 | Ossuary  | Reached skill level 5 in Shields
  2020 | Ossuary  | Reached skill level 5 in Armour
  2182 | Ossuary  | Reached XP level 8. HP: 31/75 MP: 7/7
  2280 | D:4      | Found a shimmering altar of Xom.
  2403 | D:4      | Found Haenkek's Antique Weapon Emporium.
  2415 | D:4      | Noticed Blork the orc
  2422 | D:4      | Killed Blork the orc
  2529 | D:4      | Found Tase's Armour Emporium.
  2561 | D:4      | Found Peabb's Assorted Antiques.
  2569 | D:4      | Bought a scroll labeled ROKHLA YSHUMA for 30 gold pieces
  2569 | D:4      | Bought a scroll labeled RERONE JI QUKK for 30 gold pieces
  2569 | D:4      | Bought a scroll labeled XUESHO GEDUHI for 30 gold pieces
  2569 | D:4      | Bought 2 scrolls labeled FIPROESOCS for 60 gold pieces
  2698 | D:4      | Found Egoirhir's Distillery.
  2707 | D:4      | Found Vogoez's Magic Scroll Shop.
  2738 | D:4      | Noticed Natasha
  2743 | D:4      | Killed Natasha
  2841 | D:4      | Found a glowing golden altar of the Shining One.
  2842 | D:4      | Found a blossoming altar of Fedhas.
  2882 | D:4      | Noticed Natasha
  2887 | D:4      | Killed Natasha
  2887 | D:4      | Reached skill level 6 in Fighting
  2896 | D:4      | Found Uherch's Serpentskin Sales.
  3007 | D:5      | Entered Level 5 of the Dungeon
  3056 | D:5      | Reached skill level 5 in Axes
  3280 | D:5      | Noticed a hippogriff
  3283 | D:5      | HP: 1/78 [hippogriff (3)]
  3286 | D:5      | Slain by a hippogriff

Skill      XL: |  1  2  3  4  5  6  7  8 |
---------------+-------------------------+-----
Fighting       | 3 4 5 6 |  6.3
Dodging        | 1 2 3 4 |  4.3
Axes           | 3 4 5 |  5.1
Shields        | 4 5 |  5.8
Armour         | 4 5 |  5.7

Action                   |  1- 3 |  4- 6 |  7- 9 || total
-------------------------+-------+-------+-------++-------
Melee: War axe           |    76 |   214 |   310 ||   600
 Abil: Heal Wounds       |       |     6 |     3 ||     9
  Use: Scroll            |       |     6 |     7 ||    13
       Potion            |       |     1 |       ||     1
  Eat: Chunk             |       |     4 |     2 ||     6
       Ration            |       |       |     1 ||     1
Armor: Scale mail        |    28 |    26 |       ||    54
       Chain mail        |       |    67 |   122 ||   189
Dodge: Dodged            |    31 |    78 |    75 ||   184
Block: Shield            |    45 |   125 |   137 ||   307
